[Event "Live Chess"]
[Site "Chess.com"]
[Date "2023.05.21"]
[Round "-"]
[White "AyannaTang"]
[Black "ClassyChameleon"]
[Result "0-1"]
[WhiteElo "230"]
[BlackElo "1083"]
[TimeControl "300"]
[EndTime "6:36:41 PDT"]
[Termination "ClassyChameleon won by checkmate"]

1. e4 e5 2. d4 d6 3. Bc4 Nc6 4. h4 Nxd4 5. c3 Ne6 6. Bg5 Nxg5 7. hxg5 Be6 8. Bxe6 fxe6 9. Nd2 Qxg5 10. Nc4 O-O-O 11. Rh5 Qf4 12. Qd2 Qxe4+ 13. Ne2 Qxc4 14. O-O-O Qxa2 15. Rhh1 Nf6 16. b4 Qd5 17. Qxd5 Nxd5 18. c4 Nxb4 19. Kd2 d5 20. cxd5 exd5 21. Ra1 Nc6 22.
Rh3 d4 23. Rha3 Bxa3 24. Rxa3 Rhf8 25. Ke1 e4 26. Ra4 e3 27. fxe3 dxe3 28. Nd4 Nxd4 29. Rxa7 e2 30. Ra8+ Kd7 31. Rxd8+ Kxd8 32. g4 Kd7 33.
Kd2 Re8 34. Kd3 e1=Q 35. Kxd4 Qd1+ 36. Kc3 Re3+ 37. Kb2 Qb3+ 38. Kc1 Re1+ 39. Kd2 Qe3+ 40. Kc2 Re2+ 41. Kd1 Qd2# 0-1

[Event "Live Chess"]
[Site "Chess.com"]
[Date "2023.05.21"]
[Round "-"]
[White "ameetghasi100"]
[Black "mliszewski"]
[Result "1-0"]
[WhiteElo "2580"]
[BlackElo "1810"]
[TimeControl "300"]
[EndTime "6:36:41 PDT"]
[Termination "ameetghasi100 won by checkmate"]

1. c4 b6 2. e4 Bb7 3. f3 e6 4. Nc3 Nf6 5. d4 Bb4 6. Ne2 O-O 7. g4 d5 8. cxd5 exd5 9. e5 Nfd7 10. Be3 c5 11. f4 Nc6 12. Bg2 cxd4 13. Nxd4 Nxd4 14. Bxd4 Nc5 15. O-O Bxc3 16. Bxc3 Ne4 17. Bd4 Qh4 18. Qe2 Rfc8 19. Rac1 h6 20. Bf3 a5 21. Rfd1 Rxc1 22. Rxc1 Qh3 23. Bg2 Qh4 24. Rc7 Ba6 25. Qd1 Rc8 26.
Rxc8+ Bxc8 27. f5 Bb7 28. Bxb6 Qg5 29. Bd4 Qf4 30. e6 fxe6 31. fxe6 Qd6 32. Qb3 Ba6 33.
Bxe4 Bc4 34. e7 Qxe7 35. Bxd5+ Bxd5 36. Qxd5+ Kh7 37. Qe5 Qb4 38. Qxg7# 1-0

[Event "Live Chess"]
[Site "Chess.com"]
[Date "2023.05.21"]
[Round "-"]
[White "CheckThis4"]
[Black "jumush"]
[Result "1-0"]
[WhiteElo "2524"]
[BlackElo "1723"]
[TimeControl "300"]
[EndTime "6:36:44 PDT"]
[Termination "CheckThis4 won by resignation"]

1. d4 d5 2. Nc3 Nc6 3. e4 e5 4.
Bb5 Bd7 5. exd5 Nxd4 6. Bxd7+ Qxd7 7. Nge2 Bb4 8. Nxd4 exd4 9. Qxd4 Bxc3+ 10. bxc3 Nf6 11.
c4 O-O-O 12. Qxa7 Rhe8+ 13. Be3 Qf5 14. O-O Qxc2 15. Qa8+ Kd7 16. Qxb7 Ke7 17. Bc5+ 1-0

[Event "Live Chess"]
[Site "Chess.com"]
[Date "2023.05.21"]
[Round "-"]
[White "whatnot126"]
[Black "nigelst"]
[Result "1-0"]
[WhiteElo "2066"]
[BlackElo "1704"]
[TimeControl "300"]
[EndTime "6:36:49 PDT"]
[Termination "whatnot126 won by checkmate"]

1. e4 c6 2. d4 d5 3. Nc3 dxe4 4. Nxe4 Nf6 5. Ng3 h5 6. Nf3 h4 7. Ne2 Bg4 8. Be3 Nd5 9. Qd2 e6 10. Ne5 Bxe2 11. Bxe2 Bd6 12. O-O-O Qc7 13. c4 Nxe3 14. Qxe3 Bxe5 15. dxe5 Nd7 16. f4 O-O 17. Qh3 Nc5 18. Qxh4 Rad8 19. Qf2 b6 20. h4 Rxd1+ 21. Bxd1 Rd8 22.
Bc2 Rd7 23. h5 Qd8 24. h6 g6 25. g4 Nd3+ 26. Bxd3 Rxd3 27. f5 exf5 28. gxf5 Qg5+ 29. Kc2 Rd8 30. fxg6 Qxg6+ 31. Kc1 Qg5+ 32. Kb1 Qg6+ 33.
Ka1 Kh7 34. Rg1 Qd3 35. Qxf7+ Kxh6 36. Qg7+ Kh5 37. Qg5# 1-0

[Event "Live Chess"]
[Site "Chess.com"]
[Date "2023.05.21"]
[Round "-"]
[White "peter-785"]
[Black "onemoretime1975"]
[Result "0-1"]
[WhiteElo "1171"]
[BlackElo "1860"]
[TimeControl "300"]
[EndTime "6:36:53 PDT"]
[Termination "onemoretime1975 won by resignation"]

1. e4 e6 2. Nf3 d5 3. exd5 exd5 4.
d4 Nf6 5. Nc3 c6 6. Be2 Bd6 7.
O-O O-O 8. Be3 h6 9. Re1 Bf5 10.
Bd3 Bxd3 11. Qxd3 Nbd7 12. Qd2 Ne4 13. Nxe4 dxe4 14. Ne5 Nxe5 15. dxe5 Bxe5 16. c3 f5 17.
Bf4 Qxd2 18. Bxd2 Rad8 19. Rad1 Rd3 20. Re3 Rfd8 21. Rxd3 Rxd3 22. Kf1 Bf4 23. Ke2 Rxd2+ 24. Rxd2 Bxd2 25. Kxd2 g5 26. g3 Kf7 27. Ke3 Ke6 28. Kd4 Kd6 29. b4 b6 30. a4 a5 31. Kc4 Ke5 32. bxa5 bxa5 33. Kc5 f4 34. Kxc6 e3 35. fxe3 fxe3 0-1

[Event "Live Chess"]
[Site "Chess.com"]
[Date "2023.05.21"]
[Round "-"]
[White "bedsdrout"]
[Black "Hussamalhaidar"]
[Result "1-0"]
[WhiteElo "1253"]
[BlackElo "1136"]
[TimeControl "300"]
[EndTime "6:36:55 PDT"]
[Termination "bedsdrout won by checkmate"]

1. e4 c6 2. d4 d5 3. e5 e6 4. Nf3 c5 5. c3 Nc6 6. Bd3 Qa5 7. Nbd2 cxd4 8. Nb3 Qb6 9. Nbxd4 Nxd4 10. Nxd4 Bc5 11.
Bb5+ Bd7 12. Bxd7+ Kxd7 13. Be3 Qxb2 14. O-O Rc8 15.
Rb1 Qxc3 16. Rxb7+ Rc7 17. Qa4+ Kc8 18. Rxc7+ Kxc7 19. Qc6+ Kb8 20. Qe8+ Kc7 21. Nb5+ Kb6 22. Nxc3 Ne7 23.
Rb1+ Kc7 24. Nb5+ Kb6 25. Nd6+ Kc7 26. Rb7# 1-0

[Event "Live Chess"]
[Site "Chess.com"]
[Date "2023.05.21"]
[Round "-"]
[White "Berdgross"]
[Black "BillythekidFellowes"]
[Result "0-1"]
[WhiteElo "697"]
[BlackElo "2086"]
[TimeControl "300"]
[EndTime "6:36:59 PDT"]
[Termination "BillythekidFellowes won by resignation"]

1. e4 e6 2. d3 d5 3. Nf3 dxe4 4. dxe4 Qxd1+ 5. Kxd1 Nc6 6. Nc3 Nf6 7. Bb5 Bd7 8. Bxc6 Bxc6 9. Bd2 O-O-O 10. Ke2 Nxe4 11. Nxe4 Bxe4 12. c3 Bc5 13. Rad1 h6 14. Be3 Bxe3 15.
Kxe3 Bxf3 16. Kxf3 Rxd1 17. Rxd1 Rd8 18. Rxd8+ Kxd8 19. Ke4 Ke7 20. f4 f6 21. g4 Kd6 22. h4 g5 23. fxg5 fxg5 24. hxg5 hxg5 25. b4 b5 26. a3 a6 27. Kf3 Ke5 28. Ke3 Kd5 29. Kf3 Kc4 30.
Ke4 Kxc3 31. Ke5 Kd3 32. Kxe6 Ke4 33. Kf6 Kf4 34. Ke6 Kxg4 35. Kd7 Kf4 36. Kxc7 g4 37.
Kb6 g3 38. Kxa6 g2 39. Kxb5 g1=Q 40. a4 Ke5 41. a5 Kd6 42. a6 Kc7 43. Ka5 Qb6+ 44.
Ka4 Qxa6+ 45. Kb3 Kc6 46. Kc3 Kb5 47. Kb3 Qd6 48. Kc3 Qd5 49. Kb2 Kxb4 50. Kc2 Qd4 0-1

[Event "Live Chess"]
[Site "Chess.com"]
[Date "2023.05.21"]
[Round "-"]
[White "Chesscoach_Golichenko"]
[Black "ossie57"]
[Result "1-0"]
[WhiteElo "2630"]
[BlackElo "1841"]
[TimeControl "300"]
[EndTime "6:37:02 PDT"]
[Termination "Chesscoach_Golichenko won on time"]

1. d4 d5 2. Nc3 c6 3. Bf4 g6 4. e4 dxe4 5. Nxe4 Bg7 6. c3 Nf6 7. Bd3 Nxe4 8. Bxe4 Nd7 9. h4 Nf6 10. Bf3 h5 11. Nh3 Qb6 12. Qd2 Bg4 13. Ng5 O-O 14. Bxg4 Nxg4 15. f3 e5 16. fxg4 exf4 17. O-O-O hxg4 18. Qxf4 Rae8 19. Qxg4 f5 20. Qf3 Bh6 21.
Rhe1 Qb5 22. Kb1 Bxg5 23. hxg5 Rxe1 24. Rxe1 Qd5 25. Qxd5+ cxd5 26. Re5 f4 27. Rxd5 f3 28. gxf3 Rxf3 29. Rd8+ Kf7 30. Rd7+ Ke6 31. Rxb7 Rf5 32. Rxa7 Rxg5 33. a4 Rg2 34. a5 Kd6 35. c4 Kc6 36. b4 g5 37. b5+ Kd6 38. a6 g4 39. Rg7 Rg1+ 40. Kb2 g3 41. a7 g2 42. a8=Q 1-0

[Event "Live Chess"]
[Site "Chess.com"]
[Date "2023.05.21"]
[Round "-"]
[White "zdanevych"]
[Black "davigator"]
[Result "0-1"]
[WhiteElo "1504"]
[BlackElo "2305"]
[TimeControl "300"]
[EndTime "6:37:02 PDT"]
[Termination "davigator won by resignation"]

1. d4 Nf6 2. c4 e6 3. Nc3 Bb4 4. a3 Bxc3+ 5. bxc3 d5 6. cxd5 exd5 7. Nf3 c5 8. Bg5 O-O 9. e3 Nbd7 10. Bd3 Qa5 11. Qc2 h6 12. Bh4 Re8 13. O-O Ne4 14. Rfc1 b6 15. Nd2 Ndf6 16. Bxf6 Nxf6 17. dxc5 bxc5 18.
Nf3 Qc7 19. h3 Be6 20. a4 Red8 21. Bb5 a6 22. Bd3 Qa5 23. c4 d4 24. exd4 cxd4 25. Qb2 Qc5 26. Rab1 Rd6 27. Qb7 Rc8 28. Qb2 g5 29.
Nd2 g4 30. hxg4 Nxg4 31. Ne4 Qh5 32. Nxd6 Qh2+ 33. Kf1 Qxd6 34. Qb7 Qf4 35. Qf3 Nh2+ 0-1

[Event "Live Chess"]
[Site "Chess.com"]
[Date "2023.05.21"]
[Round "-"]
[White "Delacorta"]
[Black "LiamClery2020"]
[Result "0-1"]
[WhiteElo "1383"]
[BlackElo "1966"]
[TimeControl "300"]
[EndTime "6:37:06 PDT"]
[Termination "LiamClery2020 won by resignation"]

1. d4 Nf6 2. Nf3 e6 3. e3 c5 4.
Bd3 cxd4 5. exd4 d5 6. b3 Nc6 7.
Bb2 Bd6 8. Ne5 O-O 9. Nd2 Bxe5 10. dxe5 Nd7 11. f4 f6 12. O-O fxe5 13. Qh5 e4 14.
Nxe4 dxe4 15. Bxe4 h6 16. Qg6 Nf6 17. Bxf6 Qxf6 18.
Qh7+ Kf7 19. Rad1 Rd8 20. Rxd8 Nxd8 21. Rd1 Nc6 22. Bxc6 bxc6 23. Qh8 Bb7 24. Rd7+ Kg6 25. f5+ exf5 26. Qxa8 Bxa8 0-1

[Event "Live Chess"]
[Site "Chess.com"]
[Date "2023.05.21"]
[Round "-"]
[White "Tushinskiy"]
[Black "Ian-Morley"]
[Result "1-0"]
[WhiteElo "2207"]
[BlackElo "1054"]
[TimeControl "300"]
[EndTime "6:37:18 PDT"]
[Termination "Tushinskiy won by checkmate"]

1. d4 d5 2. c3 Nc6 3. Nf3 Bg4 4. Bf4 Bxf3 5. gxf3 Nf6 6. Bg3 e6 7. Nd2 Bd6 8. e4 Bxg3 9. hxg3 dxe4 10. fxe4 e5 11. d5 Nxd5 12. exd5 Qxd5 13. Qf3 Qxf3 14. Nxf3 e4 15.
Nd2 O-O-O 16. O-O-O f5 17. Bh3 g6 18. Nxe4 Rxd1+ 19.
Rxd1 Kb8 20. Ng5 h6 21. Ne6 Re8 22. Nc5 Re2 23. Bg2 Rxf2 24. Bxc6 bxc6 25. Rd8# 1-0

[Event "Live Chess"]
[Site "Chess.com"]
[Date "2023.05.21"]
[Round "-"]
[White "SupremeTactician"]
[Black "JoRoSaR"]
[Result "1-0"]
[WhiteElo "2221"]
[BlackElo "1685"]
[TimeControl "300"]
[EndTime "6:37:19 PDT"]
[Termination "SupremeTactician won by resignation"]

1. e4 c5 2. Nf3 Nc6 3. d4 cxd4 4.
Nxd4 e5 5. Nb5 d6 6. N1c3 a6 7. Na3 b5 8. Nd5 Nce7 9. c4 Nxd5 10. cxd5 f5 11. Bd3 f4 12. O-O Be7 13. Bd2 Nf6 14.
b4 O-O 15. f3 Qe8 16. Rc1 Bd7 17. Qe2 Qg6 18. Rc7 Bd8 19. Rc3 Bb6+ 20. Kh1 Bd4 21. Rc2 Nh5 22. Be1 Qh6 23. h3 Bb6 24.
Kh2 Qg6 25. Nb1 Rf6 26. Nc3 Raf8 27. Nd1 Ng3 28. Bxg3 Qxg3+ 29. Kh1 Bxh3 30. gxh3 Qxh3+ 31. Qh2 Qd7 32. Rg2 Rh6 33. Qxh6 1-0

[Event "Live Chess"]
[Site "Chess.com"]
[Date "2023.05.21"]
[Round "-"]
[White "JackCheetham1"]
[Black "grillage"]
[Result "1-0"]
[WhiteElo "1712"]
[BlackElo "1772"]
[TimeControl "300"]
[EndTime "6:37:20 PDT"]
[Termination "JackCheetham1 won on time"]

1. e4 d5 2. exd5 Qxd5 3. Nc3 Qd8 4. d4 Nf6 5. Nf3 Bg4 6. Be2 e6 7. a3 c6 8. O-O Nbd7 9. h3 Bxf3 10. Bxf3 Bd6 11.
Bg5 Qc7 12. Re1 O-O 13. Qd2 Nd5 14. Nxd5 cxd5 15. c3 Nb6 16. Qe2 Be7 17. Bxe7 Qxe7 18.
a4 Qc7 19. a5 Nc4 20. a6 b5 21.
b3 Nd6 22. Rec1 Rfc8 23. Qe5 Qb6 24. Be2 Rc7 25. g3 Rac8 26. Qe3 Ne4 27. c4 bxc4 28.
bxc4 Nf6 29. c5 Qc6 30. Rcb1 Ne4 31. Bb5 Qa8 32. Bd3 Nf6 33. Qf4 Rc6 34. Qh4 g6 35. Qxf6 Rb8 36. Rxb8+ Qxb8 37. Rb1 Qc8 38. Rb7 Qf8 39.
Rxa7 Rc8 40. Rb7 Ra8 41. a7 Qe8 42. Qe7 Qxe7 43. Rxe7 Kg7 44. Bb5 Kf6 45. Rb7 Kf5 46. c6 Ke4 47. c7 Kxd4 48. Rb8 Rxa7 49. c8=Q Ra1+ 50. Kg2 Ke5 51. Qd7 Kf6 52. Rc8 Rb1 53. Rf8 Ke5 54. Qxf7 Kd4 55. Qf6+ Kc5 56. Qxe6 Kd4 57.
Qe7 Rxb5 58. Rf4+ Kc3 59. Qf6+ Kb3 60. Rf3+ Ka4 61. Qe5 Ka5 62. Qe2 Rb4 63. Re3 Rb5 64.
Re5 Kb6 65. Re3 Kc6 66. Qd3 Rc5 67. Re2 Kd6 68. Rc2 Rxc2 69. Qxc2 Ke5 70. Qd2 Ke4 71.
Qe2+ Kd4 72. Qe1 Kc4 73. Qb1 1-0

[Event "Live Chess"]
[Site "Chess.com"]
[Date "2023.05.21"]
[Round "-"]
[White "djw60"]
[Black "NatashaRegan"]
[Result "1-0"]
[WhiteElo "2165"]
[BlackElo "1702"]
[TimeControl "300"]
[EndTime "6:37:24 PDT"]
[Termination "djw60 won by checkmate"]

1. c4 Nf6 2. Nc3 g6 3. e4 Bg7 4. d4 d6 5. Nf3 O-O 6. Be2 e5 7. d5 Nbd7 8. Bg5 h6 9. Bh4 g5 10.
Bg3 Nc5 11. Nd2 a5 12. b3 Nh7 13. h4 f5 14. f3 f4 15. Bf2 b6 16. Qc2 Bd7 17.
O-O-O Nf6 18. hxg5 hxg5 19. g4 Kf7 20. Rdg1 c6 21.
dxc6 Bxc6 22. Nd5 Bxd5 23. exd5 Qd7 24. Bd3 b5 25. Bxc5 dxc5 26. Bf5 Qd6 27. Be6+ Ke7 28. Qg6 Bh8 29. Rh7+ Nxh7 30. Qxh7+ Kd8 31. Ne4 Qe7 32. Rh1 Bg7 33. Qg6 bxc4 34. Rh7 cxb3 35. axb3 c4 36. Rxg7 Qa3+ 37. Kd2 Qb2+ 38. Ke1 c3 39. Rd7+ Kc8 40. Rf7+ Kb8 41. Rxf8+ Ka7 42. Qf7+ Kb6 43. Rxa8 Kb5 44. Qb7# 1-0

[Event "Live Chess"]
[Site "Chess.com"]
[Date "2023.05.21"]
[Round "-"]
[White "mattihelenius2"]
[Black "ProfPoisson"]
[Result "0-1"]
[WhiteElo "491"]
[BlackElo "1219"]
[TimeControl "300"]
[EndTime "6:37:35 PDT"]
[Termination "ProfPoisson won by checkmate"]

1. d4 e6 2. c4 f5 3. Nc3 Nf6 4. Bg5 Bb4 5. a3 Bxc3+ 6. bxc3 O-O 7. Nf3 d6 8. Bxf6 Qxf6 9. e3 c5 10. d5 e5 11. Bd3 Nd7 12. O-O e4 13. Bxe4 fxe4 14. Nd2 Qg6 15. g3 Ne5 16. Nxe4 Qxe4 17. f3 Nxf3+ 18. Rxf3 Qxf3 19. Qxf3 Rxf3 20. Rf1 Rxf1+ 21.
Kxf1 Bh3+ 22. Ke2 Rf8 23. Kd3 Rf2 24. a4 Rxh2 25. g4 Bxg4 26. Ke4 Rc2 27. Kd3 Ra2 28. e4 h5 29. Ke3 h4 30. Kf4 Rxa4 31. Kxg4 Rxc4 32. Kxh4 Rxe4+ 33. Kg5 Rc4 34. Kf5 Rxc3 35.
Ke6 a5 36. Kxd6 Rd3 37. Kxc5 Rxd5+ 38. Kxd5 g5 39. Kc4 g4 40. Kd4 g3 41. Ke3 a4 42.
Kf3 a3 43. Kxg3 a2 44. Kf3 a1=Q 45. Ke3 Kf7 46. Kd3 Ke6 47. Kc2 Qd4 48. Kb3 Kd5 49.
Ka3 Qb6 50. Ka4 Kc4 51. Ka3 Qb3# 0-1

[Event "Live Chess"]
[Site "Chess.com"]
[Date "2023.05.21"]
[Round "-"]
[White "Albul"]
[Black "PantherCal"]
[Result "0-1"]
[WhiteElo "2119"]
[BlackElo "1827"]
[TimeControl "300"]
[EndTime "6:37:43 PDT"]
[Termination "PantherCal won on time"]

1. e4 d6 2. Bc4 g6 3. d3 Bg7 4. c3 Nf6 5. f4 O-O 6. Nf3 c5 7. O-O Nc6 8. h3 a6 9. g4 b5 10. Bb3 Bb7 11. Nbd2 e5 12. f5 Na5 13. g5 Nh5 14. f6 Bh8 15. Rf2 Qd7 16. Qf1 Nf4 17.
Kh2 Nxb3 18. axb3 h6 19. Ng1 hxg5 20. h4 Bxf6 21. hxg5 Bxg5 22. Ndf3 Bh6 23. Nh3 Bc8 24. Nxf4 Bxf4+ 25. Bxf4 exf4 26. Ng1 Kg7 27. Rxf4 Rh8+ 28. Kg3 Qe7 29. Qf3 Qg5+ 30. Kf2 Be6 31. Ke3 Rh4 32.
Rf1 Rah8 33. Kd2 Rh2+ 34. Kd1 Bxb3+ 35. Kc1 Rc2+ 36. Kb1 Rhh2 37. Rxf7+ Kh6 0-1

[Event "Live Chess"]
[Site "Chess.com"]
[Date "2023.05.21"]
[Round "-"]
[White "lateforthesky"]
[Black "MJMykh"]
[Result "1-0"]
[WhiteElo "2111"]
[BlackElo "1162"]
[TimeControl "300"]
[EndTime "6:37:43 PDT"]
[Termination "lateforthesky won by resignation"]

1. e4 e5 2. f4 exf4 3. Nf3 Nc6 4. d4 Nf6 5. Nc3 Bb4 6. Bd3 Bxc3+ 7. bxc3 O-O 8. Bxf4 d6 9. O-O Bg4 10. h3 Bxf3 11.
Qxf3 Rc8 12. Bg5 d5 13. e5 1-0

[Event "Live Chess"]
[Site "Chess.com"]
[Date "2023.05.21"]
[Round "-"]
[White "SavagePawn7"]
[Black "GMHarry-youtube"]
[Result "0-1"]
[WhiteElo "782"]
[BlackElo "2038"]
[TimeControl "300"]
[EndTime "6:37:56 PDT"]
[Termination "GMHarry-youtube won by resignation"]

1. e4 c5 2. d4 cxd4 3. c3 dxc3 4.
Nxc3 Nc6 5. Nf3 e6 6. Bc4 Bb4 7. O-O Nge7 8. Be3 Bxc3 9. bxc3 d5 10. exd5 exd5 11. Bb3 O-O 12. Bc5 Be6 13. Bxe7 Nxe7 14. Ne5 Ng6 15. Nxg6 hxg6 16. Qf3 Qc7 17. Bxd5 Bxd5 18.
Qxd5 Qxc3 19. Rfd1 Rad8 20. Qb3 Rxd1+ 21. Rxd1 Qxb3 22.
axb3 Rc8 23. h3 Rc3 24. Ra1 Rxb3 25. Rxa7 b5 26. Ra8+ Kh7 27. Rb8 Rb1+ 28. Kh2 b4 29.
f3 b3 30. g3 b2 31. f4 f6 32. h4 g5 33. hxg5 fxg5 34. fxg5 Kg6 35. Kh3 Rh1+ 36. Kg4 b1=Q 37. Rxb1 Rxb1 0-1

[Event "Live Chess"]
[Site "Chess.com"]
[Date "2023.05.21"]
[Round "-"]
[White "viktorskliarov"]
[Black "HadesLearmonth"]
[Result "1-0"]
[WhiteElo "2651"]
[BlackElo "1202"]
[TimeControl "300"]
[EndTime "6:38:00 PDT"]
[Termination "viktorskliarov won by resignation"]

1. e4 e5 2. Nc3 Nc6 3. Bc4 Nf6 4. d3 Be7 5. a3 a6 6. Nge2 b5 7. Ba2 Bb7 8. Ng3 O-O 9. O-O b4 10. Nd5 bxa3 11. Nxe7+ Qxe7 12. Nf5 Qc5 13. Be3 Nd4 14. bxa3 Qxc2 15. Nxd4 Qxd1 16. Rfxd1 exd4 17. Bxd4 Ng4 18. f3 Nh6 19. Rdc1 c6 20. Rab1 Bc8 21. Bc5 Re8 22.
Bd6 Re6 23. Bxe6 dxe6 24. Rxc6 Bd7 25. Rxa6 Re8 26. Rab6 g6 27. Rb8 Rxb8 28. Rxb8+ Kg7 29. Bf8+ 1-0

[Event "Live Chess"]
[Site "Chess.com"]
[Date "2023.05.21"]
[Round "-"]
[White "manthanit"]
[Black "ChessClubLive"]
[Result "0-1"]
[WhiteElo "1081"]
[BlackElo "1660"]
[TimeControl "300"]
[EndTime "6:38:11 PDT"]
[Termination "ChessClubLive won by resignation"]

1. e4 c5 2. g3 e6 3. Bg2 Nf6 4. e5 Nd5 5. c4 Nb6 6. b3 Be7 7. Bb2 O-O 8. d4 cxd4 9. Bxd4 Nc6 10. Nf3 Nxd4 11. Nxd4 Bc5 12. O-O Qc7 13. Re1 f6 14. exf6 Rxf6 15. Re2 d5 16. cxd5 Nxd5 17. Bxd5 exd5 18.
Nc3 Bg4 19. f3 Bxf3 20. Nb5 Qb6 21. Rf2 Bxd1 22. Rxd1 Rxf2 23. Kxf2 Qxb5 24. Kg2 Bxd4 25. Rxd4 Qe2+ 26. Kh3 Rf8 0-1

[Event "Live Chess"]
[Site "Chess.com"]
[Date "2023.05.21"]
[Round "-"]
[White "Nazar_777"]
[Black "Conradical12"]
[Result "1-0"]
[WhiteElo "1574"]
[BlackElo "1575"]
[TimeControl "300"]
[EndTime "6:38:21 PDT"]
[Termination "Nazar_777 won by resignation"]

1. e3 e5 2. h4 Nc6 3. a3 Bc5 4. c4 a5 5. Nc3 f5 6. Be2 Nf6 7. Qc2 d6 8. b3 O-O 9. Nf3 h6 10. Bb2 Be6 11. Rc1 Qe7 12. Nd5 Nxd5 13. cxd5 Bxd5 14. Bc4 Bxc4 15. Qxc4+ Kh8 16. h5 e4 17. Nh4 f4 18. Ng6+ 1-0

[Event "Live Chess"]
[Site "Chess.com"]
[Date "2023.05.21"]
[Round "-"]
[White "Alfiedog12"]
[Black "Brooms1989"]
[Result "0-1"]
[WhiteElo "905"]
[BlackElo "1165"]
[TimeControl "300"]
[EndTime "6:38:31 PDT"]
[Termination "Brooms1989 won by checkmate"]

1. d4 Nf6 2. Bf4 d5 3. Nf3 c5 4. c3 Nc6 5. Nbd2 Bf5 6. e3 e6 7. Bb5 a6 8. Ba4 Qb6 9. Bxc6+ bxc6 10. Qb3 Qxb3 11. axb3 cxd4 12. exd4 h6 13. Ne5 g5 14. Bg3 Bg7 15. Nxc6 O-O 16. Nf3 Ne4 17. Ne7+ Kh8 18. Nxf5 exf5 19. Be5 Rfe8 20. Bxg7+ Kxg7 21. O-O f6 22. Rfe1 g4 23. Nh4 Kf7 24. Nxf5 Kg6 25. Ng3 h5 26. Nxe4 Rxe4 27. Rxe4 dxe4 28. Re1 f5 29. d5 Kf6 30. c4 Rb8 31. Re3 Ke5 32. Kf1 Kd4 33.
d6 Rd8 34. c5 Kxc5 35. d7 Rxd7 36. Rc3+ Kb4 37. Ke2 Rd4 38. Ke3 Rd3+ 39. Rxd3 exd3 40. Kxd3 Kxb3 41. g3 a5 42. Kd4 a4 43. Ke5 Kxb2 44.
Kxf5 a3 45. Kg5 a2 46. Kxh5 a1=Q 47. Kxg4 Kc2 48. f3 Qg7+ 49. Kh3 Kd2 50. Kg2 Ke2 51. h4 Qd4 52. f4 Qf2+ 53. Kh3 Kf3 54. h5 Qxg3# 0-1

[Event "Live Chess"]
[Site "Chess.com"]
[Date "2023.05.21"]
[Round "-"]
[White "garyjc"]
[Black "Ferrarifan27"]
[Result "0-1"]
[WhiteElo "1035"]
[BlackElo "2070"]
[TimeControl "300"]
[EndTime "6:38:42 PDT"]
[Termination "Ferrarifan27 won by checkmate"]

1. e4 e5 2. Nf3 Nc6 3. d4 exd4 4.
Nxd4 Qh4 5. Nxc6 Qxe4+ 6. Be2 Qxc6 7. O-O d5 8. Re1 Be6 9. Nc3 O-O-O 10. Bd2 Nf6 11.
Nb5 Kb8 12. Be3 a6 13. Nd4 Qd6 14. a4 Be7 15. Qd2 Rhe8 16. Bxa6 Qxa6 17. Nb5 Ne4 18. Qe2 Bc5 19. Bxc5 Nxc5 20. Qe5 Qc6 21. Qxg7 Rg8 22. Qxh7 d4 23. h3 Qxg2# 0-1

[Event "Live Chess"]
[Site "Chess.com"]
[Date "2023.05.21"]
[Round "-"]
[White "Ed_Knox"]
[Black "TheSmoulderingMaster"]
[Result "0-1"]
[WhiteElo "1446"]
[BlackElo "1666"]
[TimeControl "300"]
[EndTime "6:38:45 PDT"]
[Termination "TheSmoulderingMaster won by checkmate"]

1. e4 c5 2. c3 d5 3. exd5 Qxd5 4.
Qf3 Nf6 5. Na3 Nc6 6. Bc4 Qxf3 7. Nxf3 a6 8. O-O Bg4 9. Be2 h6 10. Nc4 b5 11. Ne3 Bxf3 12. Bxf3 Rc8 13. Re1 e6 14. d3 Be7 15. Ng4 O-O 16. Nxf6+ Bxf6 17. Be3 c4 18.
dxc4 bxc4 19. Rad1 Ne5 20. Bb7 Rb8 21. Bxa6 Rxb2 22. a4 Nd3 23. Rf1 Bxc3 24. Bxc4 Ne5 25. Bb5 Ra8 26. Bd4 Bxd4 27. Rxd4 Ra2 28. h3 Ra7 29. Re1 Ng6 30. Red1 Kh7 31. Rd7 Rxd7 32. Rxd7 Nf4 33. Ra7 f6 34. a5 e5 35. a6 Nd5 36.
Bc4 Ra1+ 37. Kh2 Nb6 38. Bd5 Nxd5 39. Rd7 Nb6 40. a7 Nxd7 41. a8=Q Rxa8 42. f4 exf4 43. g4 Ra2+ 44. Kg1 Ne5 45. Kf1 f3 46. g5 Nd3 47. h4 Ra1# 0-1

[Event "Live Chess"]
[Site "Chess.com"]
[Date "2023.05.21"]
[Round "-"]
[White "seabuck"]
[Black "domrobson"]
[Result "1/2-1/2"]
[WhiteElo "1878"]
[BlackElo "1761"]
[TimeControl "300"]
[EndTime "6:38:46 PDT"]
[Termination "Game drawn - insufficient material"]

1. d4 Nf6 2. c4 e6 3. Nc3 d5 4. Nf3 c6 5. e3 Nbd7 6. Bd3 dxc4 7. Bxc4 Bd6 8. O-O O-O 9. Re1 b5 10. Bd3 Qc7 11. e4 e5 12. d5 b4 13. dxc6 bxc3 14. cxd7 cxb2 15. Bxb2 Bxd7 16. Rc1 Qb8 17. Bc3 Bg4 18. h3 Bh5 19. g4 Bg6 20. Qb3 Qxb3 21. axb3 Rab8 22. Bc4 Nxe4 23. Bxe5 Bxe5 24. Nxe5 Nd2 25. Re3 Nxc4 26. bxc4 Rfc8 27. Nxg6 hxg6 28. Re7 Rb4 29. c5 Rc6 30. Rxa7 Rb5 31. Rd1 Rbxc5 32. Rd8+ Kh7 33. Rxf7 Rf6 34. Rdd7 Rxf7 35.
Rxf7 Rc3 36. Kg2 Kg8 37. Ra7 Rc6 38. h4 Kh7 39. Kg3 Rb6 40. f3 Rc6 41. Ra4 Kh6 42.
g5+ Kh7 43. Kg4 Rb6 44. h5 gxh5+ 45. Kxh5 Rc6 46. f4 g6+ 47. Kg4 Rc7 48. Ra6 Kg7 49.
Ra4 Rb7 50. f5 gxf5+ 51. Kxf5 Rb5+ 52. Kg4 Rb7 53. Kh5 Rc7 54. Rf4 Rb7 55. Rf5 Rc7 56.
g6 Ra7 57. Kg5 Rb7 58. Rd5 Ra7 59. Rf5 Rb7 60. Rf7+ Rxf7 61. gxf7 Kxf7 1/2-1/2

[Event "Live Chess"]
[Site "Chess.com"]
[Date "2023.05.21"]
[Round "-"]
[White "stevochess11"]
[Black "Doge_Dandolo"]
[Result "0-1"]
[WhiteElo "1697"]
[BlackElo "1905"]
[TimeControl "300"]
[EndTime "6:38:47 PDT"]
[Termination "Doge_Dandolo won by resignation"]

1. e4 c6 2. Ne2 d5 3. e5 Bf5 4. d3 e6 5. h3 h5 6. f4 c5 7.
g3 Nc6 8. Bg2 Qb6 9. c3 Nge7 10.
Na3 a6 11. O-O Ng8 12. d4 Nh6 13. Be3 cxd4 14. cxd4 Qxb2 15. Qb1 Bxb1 0-1

[Event "Live Chess"]
[Site "Chess.com"]
[Date "2023.05.21"]
[Round "-"]
[White "elephantgerrald"]
[Black "OleksiyJr1"]
[Result "0-1"]
[WhiteElo "677"]
[BlackElo "1004"]
[TimeControl "300"]
[EndTime "6:38:51 PDT"]
[Termination "OleksiyJr1 won - game abandoned"]

1. d4 Nf6 2. c3 c6 3. Bg5 d5 4.
Bxf6 exf6 5. Nf3 Nd7 6. g3 Nb6 7. Bg2 Bg4 8. O-O Bd6 9. h3 Be6 10. Nbd2 O-O 11. b4 a5 12. bxa5 Rxa5 13. Qc2 Nc4 14.
Nxc4 dxc4 15. Rab1 b5 16. e4 g6 17. Rfe1 f5 18. e5 Bc7 19. Qe2 Qb8 0-1

[Event "Live Chess"]
[Site "Chess.com"]
[Date "2023.05.21"]
[Round "-"]
[White "Long1968"]
[Black "hturner40"]
[Result "0-1"]
[WhiteElo "958"]
[BlackElo "1775"]
[TimeControl "300"]
[EndTime "6:39:08 PDT"]
[Termination "hturner40 won on time"]

1. e4 Nc6 2. d4 e5 3. d5 Nce7 4. Nc3 Ng6 5. Bc4 Nf6 6. Nf3 a6 7. O-O Bc5 8. a3 d6 9. b4 Ba7 10.
Bg5 h6 11. Bxf6 Qxf6 12. h3 Nf4 13. g4 Nxh3+ 14. Kg2 Bxg4 15. Be2 Nf4+ 16. Kg3 Qg6 17. Nh4 Nh5+ 18. Kh2 Qg5 19. Bxg4 Qxh4+ 20. Bh3 Nf4 21. Qf3 O-O 22. Qg3 Qxh3+ 23. Qxh3 Nxh3 24. Kxh3 f5 25. f3 Bd4 0-1

[Event "Live Chess"]
[Site "Chess.com"]
[Date "2023.05.21"]
[Round "-"]
[White "JoeRoot66"]
[Black "gmnorfolk"]
[Result "0-1"]
[WhiteElo "1896"]
[BlackElo "2145"]
[TimeControl "300"]
[EndTime "6:39:10 PDT"]
[Termination "gmnorfolk won by resignation"]

1. e4 c5 2. c3 d5 3. exd5 Nf6 4. c4 e6 5. Nc3 exd5 6. cxd5 Bd6 7. Nf3 O-O 8. Be2 Nbd7 9. O-O Nb6 10. Re1 Nbxd5 11. Bc4 Nf4 12. d3 Bg4 13. h3 Bh5 14. Ne4 Nxe4 15. Rxe4 Ne6 16. Bxe6 fxe6 17. g4 Bg6 18. Rxe6 Bxd3 19. Bg5 Qd7 20. Re3 c4 21. Qe1 Bc5 22. Ne5 Qd5 23. Nxd3 Bxe3 24. Nb4 Qxg5 25. Qxe3 Qxe3 26. fxe3 Rad8 27. a4 Rd2 0-1